 Dungeon Crawl Stone Soup version 0.25-a0-1133-g93ebf73 (webtiles) character file.

Game seed: 11686154120999785306, levelgen mode: deterministic

123 Syrue the Ducker (level 5, -5/43 HPs)
             Began as a Gnoll Gladiator on May 20, 2020.
             Killed from afar by Natasha (7 damage)
             ... with a magic dart
             ... on level 3 of the Dungeon.
             The game lasted 00:03:56 (1503 turns).

Syrue the Ducker (Gnoll Gladiator)                  Turns: 1503, Time: 00:03:57

Health: -5/43      AC:  5    Str: 17    XL:     5   Next: 7%
Magic:  6/6        EV: 16    Int: 11    God:
Gold:   102        SH:  0    Dex: 16    Spells: 6/6 levels left

rFire    . . .     SeeInvis .   l - +2 dagger (venom)
rCold    . . .     Gourm    .   (no shield)
rNeg     . . .     Faith    .   b - +0 leather armour
rPois    .         Spirit   .   c - +0 helmet
rElec    .         Reflect  .   (no cloak)
rCorr    .         Harm     .   (no gloves)
MR       .....                  o - +0 pair of boots
Stlth    ++........             (no amulet)
HPRegen  0.14/turn              (no ring)
MPRegen  0.10/turn              (no ring)

@: no status effects
A: distributed training, fangs 1, strong nose
a: no special abilities


You were on level 3 of the Dungeon.
You were not hungry.

You visited 1 branch of the dungeon, and saw 3 of its levels.

You collected 102 gold pieces.

Inventory:

Hand Weapons
 a - a +0 long sword
 l - a +2 dagger of venom (weapon)
 m - a +0 dagger of speed
Missiles
 d - 3 throwing nets (quivered)
Armour
 b - a +0 leather armour (worn)
 c - a +0 helmet (worn)
 o - a +0 pair of boots (worn)
Scrolls
 g - a scroll of blinking {unknown}
 n - a scroll of amnesia {unknown}
Potions
 e - 2 potions of invisibility
 h - a potion of degeneration
 i - a potion of haste {unknown}
 k - 2 potions of heal wounds
Comestibles
 f - 2 rations
 p - 4 chunks of flesh


   Skills:
 + Level 4.7 Fighting
 + Level 1.3 Short Blades
 + Level 6.6 Long Blades
 + Level 1.3 Axes
 + Level 1.3 Maces & Flails
 + Level 1.3 Polearms
 + Level 1.3 Staves
 + Level 1.3 Slings
 + Level 1.3 Bows
 + Level 1.3 Crossbows
 + Level 4.7 Throwing
 + Level 1.3 Armour
 + Level 6.6 Dodging
 + Level 1.3 Stealth
 + Level 1.3 Shields
 + Level 1.3 Unarmed Combat
 + Level 1.3 Spellcasting
 + Level 1.0 Conjurations
 + Level 1.0 Hexes
 + Level 1.0 Charms
 + Level 1.0 Summonings
 + Level 1.0 Necromancy
 + Level 1.0 Translocations
 + Level 1.0 Transmutations
 + Level 1.0 Fire Magic
 + Level 1.0 Ice Magic
 + Level 1.0 Air Magic
 + Level 1.0 Earth Magic
 + Level 1.0 Poison Magic
 + Level 1.4 Invocations
 + Level 1.3 Evocations


You had 6 spell levels left.
You didn't know any spells.
Your spell library was empty.

Dungeon Overview and Level Annotations

Branches:
Dungeon (3/15)

Altars:

Annotations:
D:3 Natasha


Innate Abilities, Weirdness & Mutations

Your experience applies equally to all skills.
You have very sharp teeth.
Your uncanny sense of smell can sniff out nearby items.


Message History

The iron imp sputters.
The iron imp closely misses you. Natasha barely misses you.
You hit Natasha but do no damage.
Natasha is poisoned.
The kobold hits you but does no damage. The iron imp hits you.
Natasha claws you.
You barely miss Natasha. The kobold misses you.
Natasha claws you but does no damage. The iron imp barely misses you.
You barely miss Natasha.
Natasha is lightly wounded.
The kobold closely misses you. Natasha claws you!
* * * LOW HITPOINT WARNING * * *
You hit Natasha.
Natasha is heavily wounded.
The kobold hits you but does no damage. The iron imp hits you!
* * * LOW HITPOINT WARNING * * *
Natasha wildly gestures.
Natasha's front paws start to glow.
Natasha stares at you and mumbles some strange words.
The magic dart hits you!
You die...

∆ ..≈≈≈# ∆ ....≈≈# ∆
.....≈≈## ......≈≈##
.......≈≈###### #
≈≈≈≈....≈≈#...###$###
....≈...)≈#..5K@5...#
....≈....≈#...h##.#.#
.[.o≈..)).'....# ..#
....≈.....)....# #.#
....≈....≈#....####.#
....≈....≈#......<..#
≈≈≈≈....≈≈#########.#
.......≈≈## #.#
......≈≈##
##)#########


You could see an iron imp (summoned), Natasha (very poisoned), a crimson imp
(summoned) and a kobold.

Vanquished Creatures
  Terence (D:3)
  An adder (D:2)
  An ooze (D:1)
  2 worms (D:2)
  A leopard gecko (D:2)
  5 orcs (D:3)
  6 giant cockroaches
  11 goblins
  9 hobgoblins
  4 jackals (D:3)
  7 kobolds
  2 quokkas (D:2)
  7 bats
  4 frilled lizards
  3 rats
64 creatures vanquished.

Notes
Turn   | Place    | Note
-------+----------+-------------------------------------------
     0 | D:1      | Syrue the Gnoll Gladiator began the quest for the Orb.
     0 | D:1      | Reached XP level 1. HP: 20/20 MP: 1/1
    89 | D:1      | Reached XP level 2. HP: 26/26 MP: 2/2
   202 | D:1      | Reached XP level 3. HP: 31/31 MP: 3/3
   608 | D:2      | Reached skill level 1 in Invocations
   693 | D:2      | Reached skill level 1 in Short Blades
   693 | D:2      | Reached skill level 1 in Axes
   693 | D:2      | Reached skill level 1 in Maces & Flails
   693 | D:2      | Reached skill level 1 in Polearms
   693 | D:2      | Reached skill level 1 in Staves
   693 | D:2      | Reached skill level 1 in Slings
   693 | D:2      | Reached skill level 1 in Bows
   693 | D:2      | Reached skill level 1 in Crossbows
   693 | D:2      | Reached skill level 1 in Armour
   693 | D:2      | Reached skill level 1 in Stealth
   693 | D:2      | Reached skill level 1 in Shields
   693 | D:2      | Reached skill level 1 in Unarmed Combat
   693 | D:2      | Reached skill level 1 in Spellcasting
   693 | D:2      | Reached skill level 1 in Evocations
   696 | D:2      | Reached XP level 4. HP: 21/38 MP: 5/5
  1240 | D:3      | Noticed Terence
  1259 | D:3      | Killed Terence
  1259 | D:3      | Reached skill level 1 in Conjurations
  1259 | D:3      | Reached skill level 1 in Hexes
  1259 | D:3      | Reached skill level 1 in Charms
  1259 | D:3      | Reached skill level 1 in Summonings
  1259 | D:3      | Reached skill level 1 in Necromancy
  1259 | D:3      | Reached skill level 1 in Translocations
  1259 | D:3      | Reached skill level 1 in Transmutations
  1259 | D:3      | Reached skill level 1 in Fire Magic
  1259 | D:3      | Reached skill level 1 in Ice Magic
  1259 | D:3      | Reached skill level 1 in Air Magic
  1259 | D:3      | Reached skill level 1 in Earth Magic
  1259 | D:3      | Reached skill level 1 in Poison Magic
  1474 | D:3      | Noticed Natasha
  1479 | D:3      | Reached XP level 5. HP: 43/43 MP: 6/6
  1503 | D:3      | HP: 2/43 [iron imp[Natasha] (7)]
  1503 | D:3      | Killed from afar by Natasha

Illustrated notes

Levels and vault maps discovered:
D:1:      roderic_dead_forest, layout_rooms, nrook_loot_triangle
D:2:      layout_rooms
D:3:      layout_loops_cross, first_ration, kennysheep_big_empty_room,
          ashenzari_altar_1, uniq_natasha, uniq_terence

Skill      XL: |  1  2  3  4 |
---------------+-------------+-----
Invocations    | 1 |  1.4
Short Blades   | 1 |  1.3
Axes           | 1 |  1.3
Maces & Flails | 1 |  1.3
Polearms       | 1 |  1.3
Staves         | 1 |  1.3
Slings         | 1 |  1.3
Bows           | 1 |  1.3
Crossbows      | 1 |  1.3
Armour         | 1 |  1.3
Stealth        | 1 |  1.3
Shields        | 1 |  1.3
Unarmed Combat | 1 |  1.3
Spellcasting   | 1 |  1.3
Evocations     | 1 |  1.3
Conjurations   | 1 |  1.0
Hexes          | 1 |  1.0
Charms         | 1 |  1.0
Summonings     | 1 |  1.0
Necromancy     | 1 |  1.0
Translocations | 1 |  1.0
Transmutations | 1 |  1.0
Fire Magic     | 1 |  1.0
Ice Magic      | 1 |  1.0
Air Magic      | 1 |  1.0
Earth Magic    | 1 |  1.0
Poison Magic   | 1 |  1.0
Fighting       | |  4.7
Long Blades    | |  6.6
Throwing       | |  4.7
Dodging        | |  6.6

Action                   |  1- 3 |  4- 6 || total
-------------------------+-------+-------++-------
Melee: Long sword        |    71 |       ||    71
       Bite              |     9 |    10 ||    19
       Dagger            |    10 |    95 ||   105
  Use: Scroll            |       |     4 ||     4
  Eat: Chunk             |       |     2 ||     2
Armor: Leather armour    |    21 |    22 ||    43
Dodge: Dodged            |    88 |    86 ||   174
       Rpst.: Long sword |    14 |       ||    14

Table legend:
 A = Non-vault XP
 B = Vault XP
 C = Vault XP percentage of total XP
 D = Non-vault monster count
 E = Vault monster count
 F = Vault count percentage of total count
                 A         B        C        D         E       F
            +---------+---------+-------+---------+---------+-------
      Total |     140 |      36 |  20.5 |      63 |       1 |   1.6
            +---------+---------+-------+---------+---------+-------
        D:1 |      41 |       0 |   0.0 |      21 |       0 |   0.0
        D:2 |      68 |       0 |   0.0 |      28 |       0 |   0.0
        D:3 |      31 |      36 |  53.7 |      14 |       1 |   6.7
            +---------+---------+-------+---------+---------+-------
